TOP OF THE 1ST |
Corpus Christi Twins batting - Pitching for Rappahannock Partisans : RHP Jim Unknown
|
Pitching: RHP Jim Unknown
|
|
Batting: RHB Andrew Floyd
|
0-0: Fly out, F9 (Flyball, 9M)
|
Batting: RHB Bill McCarty
|
0-0: Fly out, F9 (Flyball, 9D)
|
Batting: RHB Gonzalo Núñez
|
0-0: Ball 1-0: SINGLE (Line Drive, 7S)
|
Batting: LHB Don Sullivan
|
0-0: Ball 1-0: Fly out, F3 (Popup, 3DF)
|
Top of the 1st over - 0 run(s), 1 hit(s), 0 error(s), 1 left on base; Corpus Christi 0 - Rappahannock 0 |
BOTTOM OF THE 1ST |
Rappahannock Partisans batting - Pitching for Corpus Christi Twins : LHP Kyle Lockhart
|
Pitching: LHP Kyle Lockhart
|
|
Batting: RHB Bill Taylor
|
0-0: Called Strike 0-1: SOLO HOME RUN (Flyball, 7D), Distance : 385 ft
|
Batting: RHB Eduardo Manuel
|
0-0: Called Strike 0-1: DOUBLE (Line Drive, 7LM)
|
Batting: RHB José Mata
|
0-0: Called Strike 0-1: Foul Ball, location: 2F 0-2: Ball 1-2: DOUBLE (Line Drive, 78XD) Eduardo Manuel scores
|
Batting: RHB Colby Turner
|
0-0: Foul Ball, location: 2F 0-1: Foul Ball, location: 2F 0-2: Foul Ball, location: 2F 0-2: Ball 1-2: Foul Ball, location: 2F 1-2: 2-RUN HOME RUN (Flyball, 9D), Distance : 349 ft
|
Batting: RHB Matt Sheppard
|
0-0: Reached on Error, E8 (Flyball, 8LD)
|
Batting: LHB Marvin von Seydlitz
|
0-0: Ball 1-0: Ball 2-0: Fly out, F9 (Flyball, 9LD) Runner from 2nd tags up, SAFE at 3rd, no throw
|
Batting: SHB Jim Unknown
|
0-0: Ball 1-0: Reached on error, E4 (Groundball, 4) Matt Sheppard scores
|
Batting: LHB Miguel Mendoza
|
0-0: Ball 1-0: Called Strike 1-1: Fly out, F8 (Flyball, 8RS)
|
Batting: RHB Ricardo Pérez
|
0-0: Called Strike 0-1: Ball 1-1: Ball 2-1: Called Strike 2-2: Ball 3-2: Ground out 6-3 (Groundball, 6)
|
Bottom of the 1st over - 5 run(s), 4 hit(s), 2 error(s), 1 left on base; Corpus Christi 0 - Rappahannock 5 |
TOP OF THE 2ND |
Corpus Christi Twins batting - Pitching for Rappahannock Partisans : RHP Jim Unknown
|
Batting: LHB John Brewer
|
0-0: Ball 1-0: Called Strike 1-1: Ball 2-1: Ball 3-1: Ground out 4-3 (Groundball, 13)
|
Batting: SHB Miguel Soto
|
0-0: Swinging Strike 0-1: Hit by Pitch
|
Batting: RHB Daniel Cooper
|
0-0: Ball 1-0: Ball 2-0: Called Strike 2-1: Fly out, F9 (Flyball, 89M)
|
Batting: RHB Denis Taylor
|
0-0: Fly out, F7 (Line Drive, 7D)
|
Top of the 2nd over - 0 run(s), 0 hit(s), 0 error(s), 1 left on base; Corpus Christi 0 - Rappahannock 5 |
BOTTOM OF THE 2ND |
Rappahannock Partisans batting - Pitching for Corpus Christi Twins : LHP Kyle Lockhart
|
Batting: RHB Bill Taylor
|
0-0: Fly out, F9 (Flyball, 9M)
|
Batting: RHB Eduardo Manuel
|
0-0: Ball 1-0: Ball 2-0: Ball 3-0: Base on Balls
|
Batting: RHB José Mata
|
0-0: Called Strike 0-1: Foul Ball, location: 2F 0-2: Strikes out swinging
|
Batting: RHB Colby Turner
|
0-0: Ball 1-0: Ball 2-0: Called Strike 2-1: Fly out, F9 (Flyball, 9S)
|
Bottom of the 2nd over - 0 run(s), 0 hit(s), 0 error(s), 1 left on base; Corpus Christi 0 - Rappahannock 5 |
TOP OF THE 3RD |
Corpus Christi Twins batting - Pitching for Rappahannock Partisans : RHP Jim Unknown
|
Batting: RHB Vincent Parker
|
0-0: Ball 1-0: Swinging Strike 1-1: Swinging Strike 1-2: Ball 2-2: Ball 3-2: Strikes out swinging
|
Batting: RHB Andrew Floyd
|
0-0: Ground out 6-3 (Groundball, 56)
|
Batting: RHB Bill McCarty
|
0-0: Called Strike 0-1: Ball 1-1: Ball 2-1: Ball 3-1: Fly out, F2 (Popup, 23F)
|
Top of the 3rd over - 0 run(s), 0 hit(s), 0 error(s), 0 left on base; Corpus Christi 0 - Rappahannock 5 |
BOTTOM OF THE 3RD |
Rappahannock Partisans batting - Pitching for Corpus Christi Twins : LHP Kyle Lockhart
|
Batting: RHB Matt Sheppard
|
0-0: Foul Ball, location: 2F 0-1: Ground out 4-3 (Groundball, 4S)
|
Batting: LHB Marvin von Seydlitz
|
0-0: Ball 1-0: Foul Ball, location: 2F 1-1: Ball 2-1: Called Strike 2-2: Foul Ball, location: 2F 2-2: Ball 3-2: Base on Balls
|
Batting: SHB Jim Unknown
|
0-0: Ball 1-0: Called Strike 1-1: Fly out, F7 (Line Drive, 78S)
|
Batting: LHB Miguel Mendoza
|
0-0: Ball 1-0: Called Strike 1-1: Swinging Strike 1-2: Strikes out swinging
|
Bottom of the 3rd over - 0 run(s), 0 hit(s), 0 error(s), 1 left on base; Corpus Christi 0 - Rappahannock 5 |
TOP OF THE 4TH |
Corpus Christi Twins batting - Pitching for Rappahannock Partisans : RHP Jim Unknown
|
Batting: RHB Gonzalo Núñez
|
0-0: Ball 1-0: Ball 2-0: Ball 3-0: Called Strike 3-1: Called Strike 3-2: Foul Ball, location: 2F 3-2: Strikes out looking
|
Batting: LHB Don Sullivan
|
0-0: Ball 1-0: Foul Ball, location: 2F 1-1: Foul Ball, location: 2F 1-2: Fly out, F7 (Flyball, 78M)
|
Batting: LHB John Brewer
|
0-0: Ball 1-0: Ball 2-0: Ball 3-0: Base on Balls
|
Batting: SHB Miguel Soto
|
0-0: Ball 1-0: Ball 2-0: Fly out, F8 (Flyball, 8RD)
|
Top of the 4th over - 0 run(s), 0 hit(s), 0 error(s), 1 left on base; Corpus Christi 0 - Rappahannock 5 |
BOTTOM OF THE 4TH |
Rappahannock Partisans batting - Pitching for Corpus Christi Twins : LHP Kyle Lockhart
|
Batting: RHB Ricardo Pérez
|
0-0: Ball 1-0: Swinging Strike 1-1: Ground out 6-3 (Groundball, 56)
|
Batting: RHB Bill Taylor
|
0-0: Swinging Strike 0-1: Called Strike 0-2: Ball 1-2: Ball 2-2: Ball 3-2: SOLO HOME RUN (Flyball, 78XD), Distance : 432 ft
|
Pitching: RHP Charlie Hall
|
|
Batting: RHB Eduardo Manuel
|
0-0: Foul Ball, location: 2F 0-1: Ground out 4-3 (Groundball, 4MS)
|
Batting: RHB José Mata
|
0-0: Called Strike 0-1: Ball 1-1: Ball 2-1: Called Strike 2-2: Foul Ball, location: 2F 2-2: Ball 3-2: Base on Balls
|
Batting: RHB Colby Turner
|
0-0: Called Strike 0-1: Ball 1-1: Called Strike 1-2: Ball 2-2: Foul Ball, location: 2F 2-2: Foul Ball, location: 2F 2-2: 2-RUN HOME RUN (Flyball, 78XD), Distance : 414 ft
|
Batting: RHB Matt Sheppard
|
0-0: SINGLE (Flyball, 8RS)
|
Batting: LHB Marvin von Seydlitz
|
0-0: Swinging Strike 0-1: Ball 1-1: Foul Ball, location: 2F 1-2: Ball 2-2: Ground out 4-3 (Groundball, 4)
|
Bottom of the 4th over - 3 run(s), 3 hit(s), 0 error(s), 1 left on base; Corpus Christi 0 - Rappahannock 8 |
TOP OF THE 5TH |
Corpus Christi Twins batting - Pitching for Rappahannock Partisans : RHP Jim Unknown
|
Batting: RHB Daniel Cooper
|
0-0: Called Strike 0-1: Foul Ball, location: 2F 0-2: DOUBLE (Flyball, 89XD)
|
Batting: RHB Denis Taylor
|
0-0: Ball 1-0: Ball 2-0: Ball 3-0: Called Strike 3-1: Called Strike 3-2: Foul Ball, location: 2F 3-2: DOUBLE (Groundball, 5L) Daniel Cooper scores
|
Batting: RHB Vincent Parker
|
0-0: Ball 1-0: SINGLE (Groundball, 34D) Denis Taylor to third Runner from 3rd tries for Home, SAFE, no throw or cutoff
|
Batting: RHB Andrew Floyd
|
0-0: Ball 1-0: Ball 2-0: Called Strike 2-1: Ball 3-1: Base on Balls Vincent Parker to second
|
Batting: RHB Bill McCarty
|
0-0: SINGLE (Groundball, 6MD) Vincent Parker to third Andrew Floyd to second
|
Batting: RHB Gonzalo Núñez
|
0-0: Ball Balk! Vincent Parker scores Andrew Floyd to third Bill McCarty to second 1-0: Called Strike 1-1: Ball 2-1: Ball 3-1: Foul Ball, location: 2F 3-2: Strikes out looking
|
Batting: LHB Don Sullivan
|
0-0: Called Strike 0-1: Called Strike 0-2: Strikes out swinging
|
Batting: LHB John Brewer
|
0-0: Hit by Pitch
|
Batting: SHB Miguel Soto
|
0-0: Ball 1-0: Fly out, F7 (Flyball, 7M)
|
Top of the 5th over - 3 run(s), 4 hit(s), 0 error(s), 3 left on base; Corpus Christi 3 - Rappahannock 8 |
BOTTOM OF THE 5TH |
Rappahannock Partisans batting - Pitching for Corpus Christi Twins : RHP Charlie Hall
|
Batting: SHB Jim Unknown
|
0-0: Ball 1-0: Foul Ball, location: 2F 1-1: Ball 2-1: Foul Ball, location: 2F 2-2: Ball 3-2: Strikes out swinging
|
Batting: LHB Miguel Mendoza
|
0-0: Called Strike 0-1: Ground out U3 (Groundball, 3)
|
Batting: RHB Ricardo Pérez
|
0-0: Ball 1-0: Ball 2-0: Foul Ball, location: 2F 2-1: SINGLE (Line Drive, 6M)
|
Batting: RHB Bill Taylor
|
0-0: Called Strike 0-1: Ball 1-1: Ball 2-1: Ball 3-1: Base on Balls Ricardo Pérez to second
|
Pitching: RHP Benjamin Booth
|
|
Batting: RHB Eduardo Manuel
|
0-0: Ground out 4-3 (Groundball, 13)
|
Bottom of the 5th over - 0 run(s), 1 hit(s), 0 error(s), 2 left on base; Corpus Christi 3 - Rappahannock 8 |
TOP OF THE 6TH |
Corpus Christi Twins batting - Pitching for Rappahannock Partisans : RHP Jim Unknown
|
Batting: RHB Daniel Cooper
|
0-0: Ball 1-0: Foul Ball, location: 2F 1-1: Ball 2-1: DOUBLE (Line Drive, 7LS)
|
Batting: RHB Denis Taylor
|
0-0: Ball 1-0: Ball 2-0: Called Strike 2-1: Foul Ball, location: 2F 2-2: Strikes out swinging
|
Batting: RHB Vincent Parker
|
0-0: SINGLE (Groundball, 6MD) Daniel Cooper to third Runner from 3rd tries for Home, throw and OUT! Vincent Parker to second
|
Batting: RHB Andrew Floyd
|
0-0: Fly out, F4 (Popup, 4)
|
Top of the 6th over - 0 run(s), 2 hit(s), 0 error(s), 1 left on base; Corpus Christi 3 - Rappahannock 8 |
BOTTOM OF THE 6TH |
Rappahannock Partisans batting - Pitching for Corpus Christi Twins : RHP Benjamin Booth
|
Batting: RHB José Mata
|
0-0: Called Strike 0-1: Called Strike 0-2: Ball 1-2: Foul Ball, location: 2F 1-2: Fly out, F7 (Flyball, 78M)
|
Batting: RHB Colby Turner
|
0-0: Foul Ball, location: 2F 0-1: Ball 1-1: Ball 2-1: Ball 3-1: Called Strike 3-2: Base on Balls
|
Batting: RHB Matt Sheppard
|
0-0: Called Strike 0-1: Called Strike 0-2: Fly out, F7 (Flyball, 7M)
|
Batting: LHB Marvin von Seydlitz
|
0-0: Swinging Strike 0-1: Ball 1-1: Foul Ball, location: 2F 1-2: Ball 2-2: Strikes out looking
|
Bottom of the 6th over - 0 run(s), 0 hit(s), 0 error(s), 1 left on base; Corpus Christi 3 - Rappahannock 8 |
TOP OF THE 7TH |
Corpus Christi Twins batting - Pitching for Rappahannock Partisans : RHP Jim Unknown
|
Now at 1B: Cipriano Oliveira
|
|
Batting: RHB Bill McCarty
|
0-0: Ball 1-0: Foul Ball, location: 2F 1-1: Ball 2-1: Swinging Strike 2-2: Ball 3-2: Strikes out swinging
|
Batting: RHB Gonzalo Núñez
|
0-0: Foul Ball, location: 2F 0-1: Swinging Strike 0-2: Fly out, F9 (Flyball, 9LM)
|
Batting: LHB Don Sullivan
|
0-0: Called Strike 0-1: SINGLE (Line Drive, 6MD)
|
Batting: LHB John Brewer
|
0-0: Called Strike Don Sullivan steals 2nd base 0-1: Ball 1-1: Fly out, F5 (Popup, 25F)
|
Top of the 7th over - 0 run(s), 1 hit(s), 0 error(s), 1 left on base; Corpus Christi 3 - Rappahannock 8 |
BOTTOM OF THE 7TH |
Rappahannock Partisans batting - Pitching for Corpus Christi Twins : RHP Benjamin Booth
|
Batting: SHB Jim Unknown
|
0-0: Ball 1-0: Ball 2-0: Fly out, F8 (Flyball, 8RM)
|
Batting: RHB Cipriano Oliveira
|
0-0: Ball 1-0: Foul Ball, location: 2F 1-1: Ball 2-1: Called Strike 2-2: Foul Ball, location: 2F 2-2: Fly out, F8 (Line Drive, 78D)
|
Batting: RHB Ricardo Pérez
|
0-0: Ball 1-0: Swinging Strike 1-1: Ball 2-1: Foul Ball, location: 2F 2-2: Strikes out looking
|
Bottom of the 7th over - 0 run(s), 0 hit(s), 0 error(s), 0 left on base; Corpus Christi 3 - Rappahannock 8 |
TOP OF THE 8TH |
Corpus Christi Twins batting - Pitching for Rappahannock Partisans : RHP Jim Unknown
|
Batting: SHB Miguel Soto
|
0-0: Called Strike 0-1: Ball 1-1: SINGLE (Line Drive, 56)
|
Batting: RHB Daniel Cooper
|
0-0: Ball 1-0: Ball 2-0: Swinging Strike 2-1: SINGLE (Groundball, 13) (infield hit) Miguel Soto to second
|
Batting: RHB Denis Taylor
|
0-0: Called Strike 0-1: Called Strike 0-2: Foul Ball, location: 2F 0-2: Fly out, F8 (Flyball, 89M)
|
Pitching: RHP Jim Unknown
|
|
Batting: RHB Vincent Parker
|
0-0: Grounds out, U3 (Groundball, 3L) Miguel Soto to third
|
Batting: RHB Andrew Floyd
|
0-0: Ground out 5-3 (Groundball, 5L)
|
Top of the 8th over - 0 run(s), 2 hit(s), 0 error(s), 2 left on base; Corpus Christi 3 - Rappahannock 8 |
BOTTOM OF THE 8TH |
Rappahannock Partisans batting - Pitching for Corpus Christi Twins : RHP Benjamin Booth
|
Pitching: RHP Dan Riggs
|
|
Batting: RHB Bill Taylor
|
0-0: Foul Ball, location: 2F 0-1: Ball 1-1: Ball 2-1: Ball 3-1: Base on Balls
|
Batting: RHB Eduardo Manuel
|
0-0: Swinging Strike 0-1: Swinging Strike 0-2: Foul Ball, location: 2F 0-2: Ball 1-2: Strikes out swinging
|
Batting: RHB José Mata
|
0-0: Called Strike 0-1: Ball 1-1: Fly out, F8 (Flyball, 8LS)
|
Batting: RHB Colby Turner
|
0-0: Called Strike 0-1: Ball 1-1: Called Strike 1-2: Strikes out looking
|
Bottom of the 8th over - 0 run(s), 0 hit(s), 0 error(s), 1 left on base; Corpus Christi 3 - Rappahannock 8 |
TOP OF THE 9TH |
Corpus Christi Twins batting - Pitching for Rappahannock Partisans : RHP Jim Unknown
|
Batting: RHB Bill McCarty
|
0-0: Swinging Strike 0-1: Foul Ball, location: 2F 0-2: Foul Ball, location: 2F 0-2: Strikes out swinging
|
Batting: RHB Gonzalo Núñez
|
0-0: Ball 1-0: Ball 2-0: Ball 3-0: Called Strike 3-1: Ground out 5-3 (Groundball, 5L)
|
Batting: LHB Don Sullivan
|
0-0: Called Strike 0-1: Foul Ball, location: 2F 0-2: Ball 1-2: Fly out, F8 (Flyball, 8LM)
|
Top of the 9th over - 0 run(s), 0 hit(s), 0 error(s), 0 left on base; Corpus Christi 3 - Rappahannock 8 |
|